[Event "Live Chess"]
[Site "Chess.com"]
[Date "2024.06.02"]
[Round "-"]
[White "upoe610"]
[Black "willc-h99"]
[Result "0-1"]
[WhiteElo "2134"]
[BlackElo "2623"]
[TimeControl "300"]
[EndTime "3:18:53 PDT"]
[Termination "willc-h99 won by resignation"]

1. c4 Nf6 2. g3 g6 3. Bg2 Bg7 4. Nc3 O-O 5. d4 d6 6. h3 Nbd7 7. Nf3 c6 8. e4 Qc7 9. Be3 e5 10. O-O a6 11. b3 Re8 12. Rc1 exd4 13. Nxd4 Nc5 14. Qc2 a5 15. a3 Bd7 16. b4 axb4 17.
axb4 Ne6 18. Nce2 Nxd4 19. Nxd4 c5 20. bxc5 dxc5 21. Nb5 Bxb5 22. cxb5 Nd7 23. Bxc5 Rec8 24. e5 Nxc5 25. b6 Qxb6 26. Rb1 Qc7 27. Rfc1 Qxe5 28. Rb5 Bf8 29. Bxb7 Rab8 30. Qb1 Rc7 31. Bg2 Rxb5 32. Qxb5 h5 33. Qb8 Qd6 34. Bd5 h4 35. Rd1 Qe5 36.
gxh4 Kg7 37. Kg2 Bd6 38. Qb4 Qh2+ 39. Kf3 Qxh3+ 40. Ke2 Re7+ 41. Kd2 Ne4+ 0-1

[Event "Live Chess"]
[Site "Chess.com"]
[Date "2024.06.02"]
[Round "-"]
[White "Ferrarifan27"]
[Black "Frankie_Badacsonyi"]
[Result "1-0"]
[WhiteElo "2153"]
[BlackElo "2374"]
[TimeControl "300"]
[EndTime "3:18:57 PDT"]
[Termination "Ferrarifan27 won by resignation"]

1. e4 c6 2. d4 d5 3. e5 Bf5 4. h4 h5 5. Bg5 Qb6 6. Bd3 Bxd3 7.
Qxd3 Qa6 8. Qxa6 Nxa6 9. c3 e6 10. Nf3 c5 11. O-O Ne7 12. Na3 Nf5 13. Nb5 Kd7 14.
Rfd1 cxd4 15. Nbxd4 Nxd4 16. cxd4 Be7 17. Rac1 Rac8 18.
a3 Nb8 19. Bxe7 Kxe7 20. Kf1 Nc6 21. Ke2 f6 22. exf6+ gxf6 23. Kd3 Kd6 24. g3 Rhf8 25. b4 e5 26. Ke3 Rce8 27. dxe5+ fxe5 28. Rc5 d4+ 29.
Ke4 a6 30. Rd5+ Kc7 31. Rc1 Kb6 32. Rc2 Rd8 33. Rxd8 Rxd8 34. Nxe5 Re8 35. f4 Rg8 36.
Kf3 Ne7 37. Nd7+ Kb5 38. Nf6 Rh8 39. Rc7 Nf5 40. Rc5+ 1-0

[Event "Live Chess"]
[Site "Chess.com"]
[Date "2024.06.02"]
[Round "-"]
[White "dmitro74"]
[Black "Brooms1989"]
[Result "0-1"]
[WhiteElo "1710"]
[BlackElo "1224"]
[TimeControl "300"]
[EndTime "3:18:58 PDT"]
[Termination "Brooms1989 won on time"]

1. d4 Nf6 2. c4 g6 3. Nc3 Bg7 4. e4 d6 5. f4 e5 6. fxe5 Ng4 7.
Nf3 dxe5 8. d5 O-O 9. h3 Nh6 10. Bd3 f5 11. O-O f4 12. b3 g5 13. Ba3 Re8 14.
Rc1 g4 15. hxg4 Bxg4 16. Be2 Re7 17. Ng5 Bxe2 18. Qxe2 Re8 19. Ne6 Qh4 20. Qf3 Ng4 21. Qh3 Qxh3 22. gxh3 Ne3 23. Rf2 Na6 24. Nd1 Nxd1 25.
Rxd1 Rad8 26. Rg2 Rxe6 27. Rdd2 Rg6 28. Rxg6 hxg6 29. Kf2 Nb8 30. Kf3 Nd7 31. c5 Nf6 32. b4 Nh5 33. b5 Ng3 34. d6 cxd6 35. cxd6 Kf7 36. d7 Ke6 37. Rd6+ Kf7 38. Bb4 Bf8 39. Ba5 b6 40. Rd5 bxa5 41. Rxe5 Rxd7 42. Kxf4 Ne2+ 43. Ke3 Nc3 44. Rg5 Nxa2 45. Rg1 Nb4 46. Rf1+ Ke7 47. e5 Nd5+ 48. Ke2 Nc3+ 49. Ke3 Nxb5 50. Ra1 Nc3 51. Rxa5 Nd5+ 52. Ke4 Nc3+ 53. Ke3 Ke6 54. Ra6+ Kxe5 55. Rxg6 Re7 56. Kd3 Nd5 57. Rg5+ Kf4 58.
Rxd5 Re3+ 59. Kc4 Rxh3 60. Rd7 Ra3 61. Rf7+ Ke5 62. Rxf8 Kd6 63. Kb4 Ra1 64. Rf6+ Kc7 65. Rf7+ Kb6 66. Kb3 Rb1+ 67. Ka2 Re1 68. Kb3 Re2 69.
Rf6+ Kc5 70. Rf5+ Kd6 71. Rf6+ Kc7 0-1

[Event "Live Chess"]
[Site "Chess.com"]
[Date "2024.06.02"]
[Round "-"]
[White "ZatixMajor"]
[Black "seasidecastle27"]
[Result "0-1"]
[WhiteElo "2030"]
[BlackElo "1938"]
[TimeControl "300"]
[EndTime "3:19:13 PDT"]
[Termination "seasidecastle27 won by resignation"]

1. c4 e6 2. g3 d5 3. Bg2 Nf6 4. Nf3 Be7 5. O-O O-O 6. b3 c5 7.
Bb2 Nc6 8. d3 d4 9. e3 e5 10.
exd4 exd4 11. Re1 Re8 12. a3 a5 13. Nbd2 Bd6 14. b4 axb4 15. axb4 Rxa1 16. Qxa1 Rxe1+ 17. Qxe1 Nxb4 18. Ne4 Nxd3 19. Nxf6+ gxf6 20. Qd2 Nxb2 21. Qxb2 Qc7 22. Qd2 Bf5 23. Nh4 Bg6 24. Bd5 Qb6 25. Nxg6 hxg6 26. Qh6 Qb1+ 27. Kg2 Qf5 28.
h4 b5 29. h5 Qxh5 30. Qxh5 gxh5 31. cxb5 Kg7 32. Kf3 f5 33. Bc4 Kf6 34. Ke2 Kg6 35. Kd3 f6 36. Be6 Kg5 37. b6 f4 38. gxf4+ Kxf4 39. Kc4 Kf3 40. Kd5 Bb8 41. Kxc5 d3 42. Bc4 d2 43.
Bb3 h4 44. Kc6 h3 45. Bd1+ Kxf2 46. Kd7 h2 47. Kc8 Bf4 0-1

[Event "Live Chess"]
[Site "Chess.com"]
[Date "2024.06.02"]
[Round "-"]
[White "Queensandpawns"]
[Black "booktrunk"]
[Result "1-0"]
[WhiteElo "2242"]
[BlackElo "1500"]
[TimeControl "300"]
[EndTime "3:19:31 PDT"]
[Termination "Queensandpawns won by resignation"]

1. e4 b6 2. d4 Bb7 3. Ba6 Bxa6 4. Nc3 Bb7 5. Nf3 h6 6. O-O e6 7. Re1 Bb4 8. e5 Bxc3 9. bxc3 d6 10. exd6 Qxd6 11.
Ne5 Qe7 12. a4 Nd7 13. Ba3 Qf6 14. Ng4 Qg6 15. d5 Bxd5 16. Qxd5 h5 17. Qxa8+ 1-0

[Event "Live Chess"]
[Site "Chess.com"]
[Date "2024.06.02"]
[Round "-"]
[White "AlexanderMatlak"]
[Black "Bunny55"]
[Result "1-0"]
[WhiteElo "2395"]
[BlackElo "1161"]
[TimeControl "300"]
[EndTime "3:19:36 PDT"]
[Termination "AlexanderMatlak won by resignation"]

1. c4 Nf6 2. Nf3 g6 3. Nc3 Bg7 4. g3 O-O 5. Bg2 d6 6. O-O e5 7.
b4 Nc6 8. b5 Ne7 9. c5 dxc5 10.
Nxe5 c6 11. bxc6 bxc6 12. Nxc6 Nxc6 13. Bxc6 Rb8 14. Bg2 1-0

[Event "Live Chess"]
[Site "Chess.com"]
[Date "2024.06.02"]
[Round "-"]
[White "NeilDruggan73"]
[Black "Bradfield133"]
[Result "1-0"]
[WhiteElo "1705"]
[BlackElo "1859"]
[TimeControl "300"]
[EndTime "3:19:54 PDT"]
[Termination "NeilDruggan73 won on time"]

1. d4 d6 2. Bg5 Nd7 3. e4 c5 4. Nf3 g6 5. Bc4 Bg7 6. c3 Qc7 7. Qb3 e6 8. Bxe6 fxe6 9. Qxe6+ Kf8 10. Be7+ Nxe7 11. Ng5 Ne5 12. Qb3 c4 13. Qd1 Nd3+ 14. Kf1 h6 15. Qf3+ Ke8 16. Qf7+ Kd8 17. Qxg7 Re8 18.
Nf7+ Kd7 19. Nd2 h5 20. Qf6 b5 21. d5 Qb6 22. Rb1 Qxf2+ 23. Qxf2 Nxf2 24. Kxf2 Rf8 25. Kg3 Rxf7 26. Rhf1 Rxf1 27. Rxf1 Ke8 28. Nf3 Bg4 29.
Nd4 a6 30. h3 Bd7 31. a3 Rb8 32. Kf4 a5 33. Kg5 b4 34. axb4 axb4 35. Rf6 bxc3 36. bxc3 Rb2 37. Rxd6 Rxg2+ 38. Kh6 Rg3 39. Ne6 Bxe6 40.
Rxe6 1-0

[Event "Live Chess"]
[Site "Chess.com"]
[Date "2024.06.02"]
[Round "-"]
[White "Bunny55"]
[Black "Queensandpawns"]
[Result "0-1"]
[WhiteElo "1161"]
[BlackElo "2242"]
[TimeControl "300"]
[EndTime "3:20:25 PDT"]
[Termination "Queensandpawns won by resignation"]

1. e4 d5 2. exd5 c6 3. dxc6 Nxc6 4. Nc3 e5 5. Nf3 Bc5 6. d4 exd4 7. Nxd4 Qxd4 8. Qxd4 Nxd4 9. Be3 Nxc2+ 10. Ke2 Bxe3 11. fxe3 Nxa1 12. g3 Bg4+ 0-1

[Event "Live Chess"]
[Site "Chess.com"]
[Date "2024.06.02"]
[Round "-"]
[White "GwaryTek"]
[Black "wadsy27"]
[Result "0-1"]
[WhiteElo "1863"]
[BlackElo "2573"]
[TimeControl "300"]
[EndTime "3:20:29 PDT"]
[Termination "wadsy27 won on time"]

1. d4 Nf6 2. c4 c5 3. d5 e6 4.
Nc3 exd5 5. cxd5 d6 6. e4 g6 7. f3 Bg7 8. Bg5 a6 9. a4 O-O 10. Qd2 Nbd7 11. Nh3 Qa5 12. Ra3 Qb4 13. a5 b5 14.
axb6 Nxb6 15. Nf2 Nc4 16. Bxc4 Qxc4 17. Ra4 Qb3 18. Ra3 Qb6 19. O-O Bd7 20. Rfa1 Rfb8 21. Nfd1 Ne8 22. Be3 Nc7 23. Na4 Qb4 24. Nac3 Nb5 25.
Ra4 Qb3 26. h3 Nxc3 27. bxc3 Bxa4 0-1

[Event "Live Chess"]
[Site "Chess.com"]
[Date "2024.06.02"]
[Round "-"]
[White "WorcesterYork"]
[Black "Isambard_Thomas"]
[Result "1-0"]
[WhiteElo "2468"]
[BlackElo "2176"]
[TimeControl "300"]
[EndTime "3:20:42 PDT"]
[Termination "WorcesterYork won by resignation"]

1. d4 Nf6 2. Bg5 c5 3. d5 d6 4. Bxf6 exf6 5. c4 Be7 6. Nc3 O-O 7. e4 f5 8. Bd3 fxe4 9. Bxe4 Nd7 10. Nge2 Ne5 11. b3 Qa5 12. O-O Bg4 13. f3 Bh5 14. Qc2 Bg6 15. f4 Ng4 16. f5 Ne3 17. Qd3 Nxf1 18.
fxg6 fxg6 19. Rxf1 Rxf1+ 20. Kxf1 Rf8+ 21. Bf3 Bf6 22. g3 Qa3 23. Kg2 Qb2 24. Ne4 Be5 25. a4 Qa1 26. h4 Qa3 27. Ng5 Qb4 28. h5 Rf6 29. Bg4 Qe1 30. Be6+ Kh8 31. Nf7+ Rxf7 32. Bxf7 gxh5 33.
Bxh5 g6 34. Bf3 Kg7 35. Qe4 Qd2 36. Qg4 h5 37. Qd7+ Kh6 38. Qxb7 Bd4 39. Qe7 Be5 40. Qf8+ Kg5 41. Qd8+ Kh6 42. Qe7 Qb2 43. Qxa7 Qxb3 44. a5 Qxc4 45. a6 Qa4 46. Qb7 c4 47. a7 1-0

[Event "Live Chess"]
[Site "Chess.com"]
[Date "2024.06.02"]
[Round "-"]
[White "Bodhanas"]
[Black "WeakOldFinished"]
[Result "0-1"]
[WhiteElo "2237"]
[BlackElo "2184"]
[TimeControl "300"]
[EndTime "3:20:48 PDT"]
[Termination "WeakOldFinished won by resignation"]

1. d4 g6 2. Nf3 Bg7 3. c4 d6 4. Nc3 Nf6 5. e4 O-O 6. Bd3 Bg4 7. O-O Nc6 8. Be3 e5 9. d5 Nd4 10. Bxd4 exd4 11. Nb5 Nd7 12. h3 Bxf3 13. Qxf3 a6 14. Na3 Re8 15. Rad1 c5 16. dxc6 bxc6 17. Rfe1 Rb8 18.
b3 a5 19. Bb1 a4 20. Nc2 axb3 21. axb3 c5 22. b4 Ne5 23. Qb3 d3 24. Ne3 Rxb4 25. Qc3 Nf3+ 26. gxf3 Bxc3 27. Rf1 Bd4 28. Rxd3 Bxe3 29.
Rxe3 Rxc4 30. Rd1 Rd4 31. Red3 Rxd3 32. Bxd3 Qg5+ 33. Kf1 Rb8 34. Bc4 Qf4 35. Kg2 Rb2 36. Bd5 Kg7 37. Ra1 Qe3 38. Rf1 h5 39. h4 Rd2 40. Kg3 Qd4 41. f4 Qc3+ 42. Kg2 Rxd5 43.
exd5 Qd4 44. Kg3 Qxd5 45. Re1 c4 46. Re3 Qd4 47. Rf3 c3 48. Rxc3 Qxc3+ 49. f3 Kf6 0-1

[Event "Live Chess"]
[Site "Chess.com"]
[Date "2024.06.02"]
[Round "-"]
[White "halfberg"]
[Black "StoreySniper"]
[Result "0-1"]
[WhiteElo "1898"]
[BlackElo "2511"]
[TimeControl "300"]
[EndTime "3:20:54 PDT"]
[Termination "StoreySniper won - game abandoned"]

1. e4 g6 2. d4 Bg7 3. Nf3 c5 4.
c3 cxd4 5. cxd4 d5 6. e5 Nc6 7. Bb5 Bd7 8. Nc3 e6 9. O-O Nge7 10. Bg5 h6 11. Bxe7 Nxe7 12. Rc1 O-O 13. Bd3 Qb6 14. Qd2 Rac8 0-1

[Event "Live Chess"]
[Site "Chess.com"]
[Date "2024.06.02"]
[Round "-"]
[White "FlyingChessKestrel13"]
[Black "resipsa6"]
[Result "1/2-1/2"]
[WhiteElo "2073"]
[BlackElo "2025"]
[TimeControl "300"]
[EndTime "3:20:58 PDT"]
[Termination "Game drawn by repetition"]

1. e4 e5 2. Nf3 Nf6 3. Nc3 Nc6 4. Bc4 Bc5 5. d3 h6 6. O-O d6 7. h3 O-O 8. a4 a6 9. Nd5 Nxd5 10. Bxd5 Nd4 11. Nxd4 Bxd4 12. c3 Ba7 13. Be3 Bxe3 14. fxe3 c6 15. Bb3 Be6 16. Bxe6 fxe6 17. Qg4 Qe7 18. Rf3 Rxf3 19. Qxf3 Rf8 20. Qe2 d5 21. exd5 exd5 22. Rf1 Rxf1+ 23. Qxf1 Qg5 24. Qf3 b5 25. axb5 axb5 26. Kf2 Qh4+ 27. Ke2 Qg5 28. g4 Qe7 29. d4 e4 30. Qg3 Qf7 31. Qf2 Qa7 32. Qf5 Qc7 33.
Qe6+ Kh7 34. Qf5+ Kg8 35. Qe6+ Kh7 36. Qf5+ Kg8 1/2-1/2

[Event "Live Chess"]
[Site "Chess.com"]
[Date "2024.06.02"]
[Round "-"]
[White "TC2304"]
[Black "GerardATHart"]
[Result "1-0"]
[WhiteElo "2336"]
[BlackElo "1368"]
[TimeControl "300"]
[EndTime "3:21:04 PDT"]
[Termination "TC2304 won by resignation"]

1. a4 d5 2. a5 e5 3. e3 f5 4.
d4 e4 5. c4 Nf6 6. Nc3 Bb4 7.
cxd5 Nxd5 8. Qb3 Nc6 9. Bb5 O-O 10. Bd2 Nxa5 11. Qxd5+ Qxd5 12. Nxd5 Bxd2+ 13. Kxd2 Nb3+ 14. Kc3 Nxa1 15. Ne7+ Kh8 16. Nxc8 Rfxc8 17. Ne2 c5 18. d5 a6 19. Bc4 b5 20. Ba2 b4+ 21. Kc4 Nc2 22.
Rc1 Rab8 23. Rxc2 b3 24. Bxb3 Rb4+ 25. Kc3 Rcb8 26. Bc4 a5 27. d6 g6 28. Rd2 Kg7 29.
Nf4 Kf6 30. d7 Rd8 31. Nd5+ Ke6 32. Nxb4+ Ke7 33. Nc6+ 1-0

[Event "Live Chess"]
[Site "Chess.com"]
[Date "2024.06.02"]
[Round "-"]
[White "ACM42"]
[Black "McFim"]
[Result "1-0"]
[WhiteElo "2178"]
[BlackElo "1700"]
[TimeControl "300"]
[EndTime "3:21:14 PDT"]
[Termination "ACM42 won on time"]

1. e4 c6 2. d4 d5 3. e5 Bf5 4. Nc3 e6 5. g4 Bg6 6. Nge2 h6 7. h4 a6 8. Be3 Nd7 9. h5 Bh7 10. f4 c5 11. a3 cxd4 12. Nxd4 Ne7 13. Bd3 Bxd3 14.
cxd3 Nc6 15. Nf3 Be7 16. b4 Nb6 17. Ne2 Na7 18. Ned4 Nb5 19. f5 Nxd4 20. Bxd4 Nd7 21. Qd2 Rc8 22. Rc1 Nb8 23. O-O Nc6 24. Bb2 Bg5 25.
Nxg5 Qxg5 26. Qxg5 hxg5 27. a4 Ke7 28. b5 axb5 29.
axb5 Na7 30. Ba3+ Kd7 31. b6 Rxc1 32. Rxc1 Nc6 33. f6 gxf6 34. exf6 Ra8 35. Be7 Ra4 36.
Kf2 Rxg4 37. Rh1 Nxe7 38. fxe7 Kxe7 39. h6 Kf8 40. h7 Rf4+ 41. Ke3 d4+ 42. Ke2 Rh4 43.
Rxh4 gxh4 44. h8=Q+ Ke7 45. Qxh4+ f6 46. Qxd4 e5 47.
Qb4+ 1-0

[Event "Live Chess"]
[Site "Chess.com"]
[Date "2024.06.02"]
[Round "-"]
[White "f4nomore"]
[Black "AlanBstard10"]
[Result "1-0"]
[WhiteElo "1247"]
[BlackElo "1225"]
[TimeControl "300"]
[EndTime "3:21:31 PDT"]
[Termination "f4nomore won by resignation"]

1. c4 e5 2. Nc3 Bb4 3. d3 Bxc3+ 4. bxc3 d6 5. Nf3 Nf6 6. e3 O-O 7. Be2 Bg4 8. Kf1 Nc6 9. Kg1 h5 10. h3 Bxf3 11. Bxf3 Rb8 12. Kh2 Ne7 13. Rf1 Nf5 14. Kg1 Nh4 15. Be2 g6 16. e4 Nh7 17.
Bh6 Re8 18. f4 exf4 19. Bxf4 g5 20. Bg3 Ng6 21. Bxh5 Nf6 22. Bf3 Kg7 23. Qd2 Nd7 24.
d4 c6 25. e5 dxe5 26. dxe5 Ndxe5 27. Qxd8 Rbxd8 28. Bh5 Kh6 29. Bf3 Nxf3+ 30. Rxf3 Kg7 31. Raf1 Re7 32. c5 Rd2 33. Bd6 Rd7 34. a4 b6 35. Rf5 bxc5 36. Bxc5 Rd1 37. Bd4+ f6 38. Rxd1 Nf4 39. Bxf6+ Kg6 40. Rxd7 Kxf5 41. Bd4 Ne2+ 42. Kh2 Ke4 43. Rxa7 Kd5 44. Ra5+ Kc4 45. Rxg5 Nxc3 46. a5 Nb5 47. Bf2 Na7 48. Bxa7 c5 49. Rxc5+ Kb4 1-0

[Event "Live Chess"]
[Site "Chess.com"]
[Date "2024.06.02"]
[Round "-"]
[White "vincents82"]
[Black "Dhaydon19"]
[Result "0-1"]
[WhiteElo "2009"]
[BlackElo "2628"]
[TimeControl "300"]
[EndTime "3:21:33 PDT"]
[Termination "Dhaydon19 won by resignation"]

1. e4 e6 2. d4 d5 3. Nd2 dxe4 4. Nxe4 Nd7 5. Nf3 Ngf6 6. Nxf6+ Nxf6 7. Bd3 c5 8. dxc5 Qa5+ 9. c3 Qxc5 10. O-O Bd7 11.
Bg5 Bc6 12. Qe2 Bd6 13. Be3 Qh5 14. h3 Qa5 15. Nd4 O-O 16. Nxc6 bxc6 17. Bd4 Nd5 18. Qh5 f5 19. Rfe1 Nf4 20. Qg5 Rf7 21. Bc4 h6 22. Qh4 Re8 23. g3 Nd5 24. Qh5 Qc7 25. Bxd5 cxd5 26.
f4 Kh7 27. Qf3 g6 28. Kh2 Rfe7 29. Re2 e5 30. fxe5 Bxe5 31. Bxe5 Rxe5 32. Rae1 Re4 33.
Qd3 Qe5 34. Rxe4 dxe4 35. Qa6 Re7 36. Rd1 e3 37. Rd6 e2 38. Rxg6 Qe3 39. Qc4 Kxg6 0-1

[Event "Live Chess"]
[Site "Chess.com"]
[Date "2024.06.02"]
[Round "-"]
[White "Pandreq"]
[Black "upoe610"]
[Result "0-1"]
[WhiteElo "1220"]
[BlackElo "2134"]
[TimeControl "300"]
[EndTime "3:21:36 PDT"]
[Termination "upoe610 won by resignation"]

1. d4 Nf6 2. c4 c5 3. d5 b5 4.
b3 b4 5. a3 bxa3 6. Bxa3 d6 7.
Nf3 g6 8. Bb2 Bg7 9. Qc1 O-O 10.
Nbd2 a5 11. e4 e5 12. Be2 Ra7 13. O-O Re7 14. Bc3 Nh5 15. Bxa5 Qd7 16. Bc3 Nf4 17. Qd1 Qg4 18. Ne1 Nxe2+ 19. Kh1 Nxc3 20. Qxg4 Bxg4 21. f3 Bd7 22. Nd3 Ne2 23. Rfe1 Nd4 24. b4 Nc2 0-1

[Event "Live Chess"]
[Site "Chess.com"]
[Date "2024.06.02"]
[Round "-"]
[White "SavagePawn7"]
[Black "Larchikov"]
[Result "0-1"]
[WhiteElo "653"]
[BlackElo "2058"]
[TimeControl "300"]
[EndTime "3:22:07 PDT"]
[Termination "Larchikov won by resignation"]

1. e4 c5 2. d4 cxd4 3. c3 e5 4. cxd4 exd4 5. Nf3 Nc6 6. Bb5 Nf6 7. Bxc6 dxc6 8. Bg5 Be7 9. Bxf6 Bxf6 10. O-O Bg4 11. h3 Bxf3 12. Qxf3 O-O 13. Nd2 Re8 14. Rad1 Qe7 15.
Rfe1 Rad8 16. Rc1 Qb4 17. Nb3 d3 18. Red1 Bxb2 19. Rb1 Bf6 20. Rxd3 Rxd3 21. Qxd3 Rxe4 22. Nd2 Rd4 23. Rxb4 Rxd3 24. Nf3 b6 25. Re4 Kf8 26. Ne5 Bxe5 27. Rxe5 c5 28. Re3 Rxe3 29. fxe3 Ke7 30. Kf2 Ke6 0-1

[Event "Live Chess"]
[Site "Chess.com"]
[Date "2024.06.02"]
[Round "-"]
[White "Purple1szed"]
[Black "chess5013"]
[Result "1/2-1/2"]
[WhiteElo "2060"]
[BlackElo "1310"]
[TimeControl "300"]
[EndTime "3:22:36 PDT"]
[Termination "Game drawn by repetition"]

1. e4 c6 2. d4 d5 3. e5 Bf5 4. h4 h5 5. Bd3 Bxd3 6. Qxd3 e6 7.
Bg5 Be7 8. Nf3 Nd7 9. Nbd2 Bxg5 10. Nxg5 Qe7 11. c4 O-O-O 12. cxd5 exd5 13. O-O f6 14.
exf6 gxf6 15. Rae1 Qg7 16. Ne6 Qg4 17. Nxd8 Kxd8 18. Nf3 Ne7 19. Qe2 Rg8 20. g3 Nf5 21. Nh2 Qxh4 22. Kh1 Rxg3 23. fxg3 Nxg3+ 24. Kg2 Nxe2 25. Rxe2 Qg5+ 26. Kf2 Qf4+ 27. Nf3 h4 28. Rh1 Qg3+ 29. Ke3 h3 30. Reh2 c5 31. Rxh3 cxd4+ 32. Kxd4 Qf4+ 33.
Kd3 Qe4+ 34. Kd2 Qf4+ 35. Ke2 Qe4+ 36. Kf2 Qc2+ 37. Kg3 Qg6+ 38. Kf4 Qe4+ 39. Kg3 Ne5 40. Rh8+ Kc7 41. R1h7+ Kb6 42. Nxe5 Qxe5+ 43. Kf2 Qf4+ 44. Ke2 Qe4+ 45. Kd2 Qd4+ 46. Kc2 Qe4+ 47. Kc3 Qc4+ 48. Kd2 Qd4+ 49. Kc2 Qc4+ 50. Kb1 Qd3+ 51. Kc1 Qe3+ 52.
Kd1 Qd3+ 53. Kc1 Qe3+ 54. Kd1 Qd3+ 55. Kc1 1/2-1/2

[Event "Live Chess"]
[Site "Chess.com"]
[Date "2024.06.02"]
[Round "-"]
[White "Brooms1989"]
[Black "Frankie_Badacsonyi"]
[Result "0-1"]
[WhiteElo "1224"]
[BlackElo "2374"]
[TimeControl "300"]
[EndTime "3:22:40 PDT"]
[Termination "Frankie_Badacsonyi won by resignation"]

1. e4 c6 2. Nf3 d5 3. exd5 cxd5 4. Ne5 Nc6 5. d4 Nf6 6. c3 e6 7. Bd3 Bd6 8. Nxc6 bxc6 9. O-O h6 10. Nd2 O-O 11.
Nf3 a5 12. Re1 Ba6 13. Bxa6 Rxa6 14. Ne5 Qc7 15. Bf4 Raa8 16. Qf3 c5 17. Qg3 Nh5 18.
Qg4 Nxf4 19. Qxf4 Bxe5 20. Qxe5 Qxe5 21. dxe5 Rab8 22. b3 Rfc8 23. Rac1 c4 24. bxc4 Rxc4 25. Re3 Rb2 26. Kf1 Rxa2 27. Re2 Rxe2 28. Kxe2 d4 29. Kd3 Rxc3+ 30. Rxc3 dxc3 31. Kxc3 Kh7 32. Kb3 Kg6 33. f4 Kf5 34. g3 Kg4 35. Ka4 Kh3 36. Kxa5 Kxh2 0-1

[Event "Live Chess"]
[Site "Chess.com"]
[Date "2024.06.02"]
[Round "-"]
[White "Kyrylo7770"]
[Black "MagnersCarlsberg2870"]
[Result "1-0"]
[WhiteElo "1626"]
[BlackElo "1768"]
[TimeControl "300"]
[EndTime "3:23:05 PDT"]
[Termination "Kyrylo7770 won by resignation"]

1. d4 Nf6 2. Nf3 b6 3. Bg5 h6 4. Bh4 g5 5. Bg3 Bg7 6. h4 d6 7. e3 Nbd7 8. hxg5 hxg5 9. Rxh8+ Bxh8 10. Nxg5 c5 11. d5 Bb7 12. Bb5 a6 13. Bxd7+ Qxd7 14. Qf3 Bxd5 15. Qf4 O-O-O 16. Nc3 e5 17. Qh4 Bxg2 18.
O-O-O Bc6 19. Qc4 Kb7 20. Nxf7 d5 21. Nxd8+ Qxd8 22. Qh4 d4 23. exd4 exd4 24. Ne2 Bf3 25. Re1 Qe8 26. Qf4 Bc6 27. Qc7+ Ka8 28. Kd2 Nd5 29.
Qd6 c4 30. Nf4 c3+ 31. bxc3 dxc3+ 32. Kd1 Qc8 33. Nxd5 Bxd5 34. Qxd5+ Ka7 35. Re7+ 1-0

[Event "Live Chess"]
[Site "Chess.com"]
[Date "2024.06.02"]
[Round "-"]
[White "WilliamofOrange16th"]
[Black "uselessduffer"]
[Result "1-0"]
[WhiteElo "2000"]
[BlackElo "2373"]
[TimeControl "300"]
[EndTime "3:23:15 PDT"]
[Termination "WilliamofOrange16th won on time"]

1. e4 g6 2. d4 Bg7 3. Nc3 d6 4. Be2 a6 5. h4 h5 6. Nf3 b5 7. a4 b4 8. Nd5 a5 9. Ng5 e6 10. Nf4 Qe7 11. Be3 Nd7 12. Bc4 Ngf6 13. Nfxe6 fxe6 14. Nxe6 Nb6 15. Bb5+ Kf7 16. Ng5+ Kf8 17. Bc6 Rb8 18.
e5 Ng4 19. O-O Bf5 20. exd6 Qxd6 21. g3 Nxe3 22. fxe3 Qxg3+ 23. Kh1 Bf6 24. Qe1 Qxe1 25. Raxe1 Kg7 26. e4 Bg4 27. e5 Bxg5 28. hxg5 Rhf8 29. Rf6 Nd7 30. Bxd7 Bxd7 31. d5 Rbe8 32. Rxf8 Rxf8 33. e6 Bc8 34. c4 bxc3 35. bxc3 Rd8 36. c4 Re8 37. c5 Re7 38. Kh2 Kf8 39. Rf1+ Ke8 40.
Rf6 c6 41. Rxg6 Kd8 42. Rg8+ Re8 43. e7+ Kxe7 44. d6+ Kd8 45. Rg7 Be6 46. Ra7 Bd5 47. Rxa5 Re2+ 48. Kh3 Re3+ 49. Kh4 Kd7 50. Kxh5 1-0

[Event "Live Chess"]
[Site "Chess.com"]
[Date "2024.06.02"]
[Round "-"]
[White "TigerTank70"]
[Black "Cimon"]
[Result "0-1"]
[WhiteElo "2212"]
[BlackElo "1844"]
[TimeControl "300"]
[EndTime "3:23:27 PDT"]
[Termination "Cimon won by resignation"]

1. e4 d6 2. d4 Nf6 3. Nc3 g6 4. Be2 Bg7 5. Bg5 O-O 6. Qd2 Re8 7. h4 h5 8. Bh6 Bh8 9. O-O-O Nc6 10. Nh3 e5 11. Bg5 Qd7 12. d5 Nd4 13. f4 Ng4 14. fxe5 dxe5 15. Rdf1 b5 16. Nf2 Nxe2+ 17. Nxe2 a5 18.
Nxg4 Qxg4 19. Rf3 Qxe4 20. Rhf1 f5 21. Nc3 Qc4 22. d6 cxd6 23. Qxd6 Be6 24. Rd3 e4 25.
Rd2 Qxf1+ 26. Nd1 Qc4 27. Kb1 Rac8 28. Ne3 Qb4 29. Qxb4 axb4 30. Rd6 Be5 31. Rb6 Rb8 32. Ra6 Rb7 33. Kc1 f4 34. Nf1 Kf7 35. Nd2 Bd5 0-1

[Event "Live Chess"]
[Site "Chess.com"]
[Date "2024.06.02"]
[Round "-"]
[White "bill77678"]
[Black "CarmelJane"]
[Result "0-1"]
[WhiteElo "1836"]
[BlackElo "2075"]
[TimeControl "300"]
[EndTime "3:23:35 PDT"]
[Termination "CarmelJane won on time"]

1. e4 g6 2. d4 Bg7 3. Nf3 c5 4.
Be3 cxd4 5. Bxd4 Nf6 6. Bd3 Nc6 7. Bc3 d6 8. h3 O-O 9. Nbd2 a6 10. O-O b5 11. a3 Bb7 12. b4 e6 13. Nb3 Rc8 14.
Bb2 e5 15. Qe2 Nh5 16. g3 Ne7 17. Rfd1 Qb6 18. Kg2 f5 19. Na5 fxe4 20. Bxe4 Bxe4 21. Qxe4 d5 22. Qe2 e4 23. Nd4 Qd6 24. Nb7 Qc7 25.
Nc5 Bxd4 26. Bxd4 Nf5 27. Ne6 Nxd4 28. Rxd4 Qc3 29. Nxf8 Qxd4 30. Rd1 Qg7 31. Ne6 Qf6 32. Nd4 Qg5 33. Kh2 Rc3 34. h4 Qf6 35. Rd2 Qe5 36.
Kg2 Nxg3 37. fxg3 Rxg3+ 38. Kf1 Qf4+ 39. Qf2 Qg4 40. Re2 Qh3+ 41. Ke1 Qh1+ 42. Kd2 Rg1 43. Ne6 Rd1+ 44. Kc3 Qh3+ 45. Kb2 Qxe6 46. Rd2 d4 47. Qxd4 e3 0-1

[Event "Live Chess"]
[Site "Chess.com"]
[Date "2024.06.02"]
[Round "-"]
[White "missedJariChance"]
[Black "Duke_of_Bebington"]
[Result "0-1"]
[WhiteElo "1353"]
[BlackElo "1639"]
[TimeControl "300"]
[EndTime "3:23:52 PDT"]
[Termination "Duke_of_Bebington won by resignation"]

1. b3 e5 2. Bb2 Nc6 3. Nf3 f6 4. e3 d5 5. c4 Be6 6. cxd5 Bxd5 7. Be2 Bd6 8. O-O Nge7 9. d4 e4 10. Nfd2 f5 11. Nc3 Bf7 12. Rc1 Qd7 13. f3 Bg6 14.
fxe4 fxe4 15. Bh5 O-O-O 16. Ndxe4 Bxh5 17. Qxh5 Ng6 18. Nxd6+ Qxd6 19. Nb5 Qe6 20. Qf5 Qxf5 21. Rxf5 a6 22. Nc3 Rhe8 23. Re1 Nxd4 24. Rf7 Nc2 25. Rc1 Nxe3 26. Rxg7 Rd2 27. Nd5 Nxd5 28. Ba3 Ngf4 29. Rf1 0-1

[Event "Live Chess"]
[Site "Chess.com"]
[Date "2024.06.02"]
[Round "-"]
[White "halfberg"]
[Black "Ocelot32"]
[Result "0-1"]
[WhiteElo "1883"]
[BlackElo "1388"]
[TimeControl "300"]
[EndTime "3:23:54 PDT"]
[Termination "Ocelot32 won by resignation"]

1. e4 e6 2. d4 d5 3. Nc3 dxe4 4.
Nxe4 Nd7 5. Nf3 Ngf6 6. Bd3 Be7 7.
Ng3 b6 8. O-O Bb7 9. c4 O-O 10. Ne5 c5 11. Nxd7 Qxd7 12. dxc5 Bxc5 13. Qc2 Qc6 14. Ne4 Nxe4 15. Bxe4 Qxe4 16. Qxe4 Bxe4 0-1

[Event "Live Chess"]
[Site "Chess.com"]
[Date "2024.06.02"]
[Round "-"]
[White "MagnersCarlsberg2870"]
[Black "WilliamofOrange16th"]
[Result "1-0"]
[WhiteElo "1781"]
[BlackElo "1987"]
[TimeControl "300"]
[EndTime "3:24:03 PDT"]
[Termination "MagnersCarlsberg2870 won by resignation"]

1. d4 Nf6 2. Nf3 g6 3. Nc3 Bg7 4. e4 d6 5. h3 Nbd7 6. Bc4 O-O 7. e5 dxe5 8. dxe5 Ne8 9. e6 fxe6 10. Ng5 Ndf6 11. Qxd8 1-0

[Event "Live Chess"]
[Site "Chess.com"]
[Date "2024.06.02"]
[Round "-"]
[White "MellowAesthetic"]
[Black "Thebigsqueeze"]
[Result "0-1"]
[WhiteElo "2075"]
[BlackElo "2273"]
[TimeControl "300"]
[EndTime "3:24:05 PDT"]
[Termination "Thebigsqueeze won on time"]

1. e4 e6 2. d4 d5 3. Nd2 Nc6 4. Ngf3 Nf6 5. e5 Nd7 6. c4 dxc4 7. Nxc4 Nb6 8. a3 Qd5 9. Ne3 Qd7 10. Bd3 Nd5 11. O-O Be7 12. Qc2 Nf4 13. Bb5 a6 14.
Bxc6 Qxc6 15. Qxc6+ bxc6 16. Bd2 c5 17. dxc5 Bxc5 18.
b4 Be7 19. Nd4 Bb7 20. f3 c5 21. Nb3 cxb4 22. axb4 Rd8 23. Nc4 Bd5 24. Bxf4 Bxc4 25. Rfb1 Bxb4 26. Ra4 Bd3 27. Rc1 Be7 28. Nc5 Bb5 29.
Ra2 Rc8 30. Be3 Rc6 31. Kf2 O-O 32. Nb3 Rfc8 33. Rxc6 Rxc6 34. Nd4 Rc8 35. Nxb5 axb5 36. Rb2 b4 37. Bd2 Rb8 38. Ke3 f6 39. exf6 gxf6 40. Rb3 Kf7 41. Kd3 Rd8+ 42. Ke3 Bc5+ 0-1